 Dungeon Crawl Stone Soup version 0.28.0-53-g5a82cb258f (webtiles) character file.

Game seed: 6533732403708675209

3743 Zeld the Frost Mage (level 10, -1/60 (63) HPs)
             Began as a Merfolk Ice Elementalist on May 21, 2022.
             Was a Follower of Vehumet.
             Blown up by a wight (22 damage)
             ... with a mindburst bolt
             ... on level 7 of the Dungeon.
             The game lasted 00:16:02 (16072 turns).

Zeld the Frost Mage (Merfolk Ice Elementalist)     Turns: 16072, Time: 00:16:03

HP:   -1/60 (63)    AC:  4    Str: 10    XL:     10   Next: 15%
MP:   22/22         EV: 15    Int: 18    God:    Vehumet [*.....]
Gold: 209           SH:  0    Dex: 14    Spells: 15/26 levels left

rFire   . . .      SeeInvis .   w - +3 war axe
rCold   . . .      Faith    .   (no shield)
rNeg    . . .      Spirit   .   a - +0 robe
rPois   .          Reflect  .   (no helmet)
rElec   .          Harm     .   (no cloak)
rCorr   .          Rampage  .   s - +0 pair of gloves
Will    .....                   n - +0 pair of boots
Stlth   ++........              (no amulet)
HPRegen 0.20/turn               (no ring)
MPRegen 0.18/turn               (no ring)

@: lightly drained
A: (nimble swimmer 2), mertail
a: Renounce Religion


You were on level 7 of the Dungeon.
You worshipped Vehumet.
Vehumet was aware of your devotion.
You visited 2 branches of the dungeon, and saw 8 of its levels.

You collected 313 gold pieces.
You spent 104 gold pieces at shops.

Inventory:

Hand Weapons
 i - a +0 trident
 w - a +3 war axe (weapon)
Armour
 a - a +0 robe (worn)
 n - a +0 pair of boots (worn)
 s - a +0 pair of gloves (worn)
Wands
 u - a wand of flame (24)
 v - a wand of charming (12)
Scrolls
 c - a scroll of identify
 e - 2 scrolls of fear
 g - 3 scrolls of holy word
 j - 3 scrolls of teleportation
 k - 2 scrolls of blinking
 l - a scroll of magic mapping
 r - a scroll of enchant weapon {unknown}
Potions
 b - 2 potions of curing {unknown}
 d - 6 potions of heal wounds {unknown}
 h - 2 potions of ambrosia
 m - 3 potions of mutation {unknown}
 o - 2 potions of degeneration {unknown}
 p - a potion of brilliance {unknown}
 q - 2 potions of berserk rage {unknown}
 t - 2 potions of cancellation {unknown}


   Skills:
 - Level 8.0 Dodging
 - Level 2.1 Stealth
 * Level 8.7 Spellcasting
 * Level 11.1 Ice Magic


You had 15 spell levels left.
You knew the following spells:

 Your Spells              Type           Power      Damage    Failure   Level
a - Freeze                Ice            100%       1d11      1%          1
b - Frozen Ramparts       Ice            94%        1d11      1%          3
c - Ozocubu's Armour      Ice            47%        N/A       1%          3
d - Summon Ice Beast      Ice/Summ       27%        N/A       9%          4

Your spell library contained the following spells:

 Spells                   Type           Power      Damage    Failure   Level
 Shock                    Conj/Air       28%        1d4       9%          1
 Ensorcelled Hibernation  Hex/Ice        54%        N/A       1%          2
 Hailstorm                Conj/Ice       27%        3d7       9%          4
 Ice Form                 Ice/Tmut       27%        N/A       9%          4
 Blink                    Tloc           14%        N/A       14%         2
 Sublimation of Blood     Necr           7%         N/A       14%         2
 Wereblood                Tmut           7%         N/A       14%         2
 Lesser Beckoning         Tloc           7%         N/A       26%         3
 Spider Form              Tmut/Pois      7%         N/A       26%         3
 Tukima's Dance           Hex            7%         N/A       26%         3
 Anguish                  Hex/Necr       3%         N/A       65%         4
 Manifold Assault         Tloc           7%         N/A       94%         5
 Enfeeble                 Hex            3%         N/A       100%        7
 Summon Hydra             Summ           3%         N/A       100%        7


Dungeon Overview and Level Annotations

Branches:
Dungeon (7/15)             Temple (1/1) D:4

Altars:
Ashenzari
Cheibriados
Dithmenos
Elyvilon
Fedhas
Gozag
Hepliaklqana
Kikubaaqudgha
Makhleb
Nemelex Xobeh
Okawaru
Qazlal
Ru
Sif Muna
Trog
Uskayaw
Vehumet
Yredelemnul
Zin
The Shining One

Shops:
D:3 !

Annotations:
D:7 Maggie


Innate Abilities, Weirdness & Mutations

((You are very nimble when in or above water. (Stealth+, EV+, Speed+++)))
Your lower body shifts to a powerful aquatic tail in water.


Message History

Unknown command.
You hit the wight.
The wight is severely damaged.
You hit the wight. The wight barely misses you. The wight closely misses you.
The wight barely misses you.
Unknown command.
You hit the wight but do no damage.
The wight is severely damaged.
You hit the wight.
Your ice beast disappears in a puff of smoke!
The wight zaps a wand.
Your mind is blasted!
The wight barely misses you. The wight hits you with a +0 halberd.
* * * LOW HITPOINT WARNING * * *
You feel drained.
* * * LOW HITPOINT WARNING * * *
You are too injured to fight recklessly!
Unknown command.
Things that are here:
a +4 flail; a +0 robe The wight hits you with a +0 dagger.
* * * LOW HITPOINT WARNING * * *
Aiming: Iceblast
Press: ? - help, Shift-Dir - straight line, f/p - wight
Aim: a wight, wielding a +0 dagger and wearing a +0 robe (severely damaged)
The mass of ice explodes!
The iceblast engulfs the wight.
The wight partially resists.
You destroy the wight!
Vehumet accepts your kill.
The now-empty wand crumbles to dust.
Unknown command.
You don't have any such object.
Evoke which item? (* to show all) (? for menu, Esc to quit)
That's the wrong kind of item! (Use * to select it.) Evoke which item? (* to show all) (? for menu, Esc to quit)
Okay, then.
A wight is nearby!
Okay, then.
The wight zaps a wand.
You struggle to resist.
The wight zaps a wand.
Your mind is blasted!
You die...

###.#.#######.##.##..# #
............z.....#..# #
.....#.#####.##..#..#####
#......#.# #......#..##...
#......#z####..###.#..##...
#.....5#...........#..##...
#......#.......)...#..##...
#......#..........[#.......
#......#..@........#.######
#........###.#.#.#.######
##........# #.#.#.#. #....
#.........# #.#.#.#. #....
#.........# #.#.#.#. #....
#.........# #.#.#.#. #....
#.......### #.#<#.#.##....
#.........# #.###.#.......
#........... ... ###....


You could see a wight.

Vanquished Creatures
  A two-headed ogre (D:7)
  Pikel (D:4)
  2 nameless horrors (D:5)
  Sigmund (D:3)
  A wyvern (D:7)
  A steam dragon (D:7)
  Edmund (D:5)
  An orc warrior (D:7)
  A sky beast (D:7)
  2 black bears
  3 lemures (D:4)
  A water moccasin skeleton (D:5)
  5 killer bees (D:7)
  6 wights
  A centaur zombie (D:5)
  2 hounds
  A gnoll shaman (D:6)
  5 orc priests
  A jelly (D:6)
  2 iguanas (D:4)
  Ijyb (D:5)
  A scorpion zombie (D:5)
  2 orc wizards (D:7)
  A hound skeleton (D:4)
  A hound zombie (D:5)
  7 adders
  4 gnolls (D:6)
  A shadow imp (D:7)
  An ufetubus (D:4)
  2 adder skeletons (D:4)
  4 worms
  2 dart slugs
  15 orcs
  7 ball pythons
  6 endoplasms
  3 giant cockroaches
  7 goblins
  8 hobgoblins
  4 kobolds
  2 quokkas
  6 bats
  2 frilled lizards
  4 rats
130 creatures vanquished.

Vanquished Creatures (collateral kills)
  An ice beast (D:5)
  A phantom (D:7)
  A wyvern zombie (D:7)
  A scorpion (D:6)
  A killer bee (D:7)
  6 wights
  A centaur skeleton (D:7)
  An ufetubus (D:6)
13 creatures vanquished.

Vanquished Creatures (others)
  5 plants (D:3)
5 creatures vanquished.

Grand Total: 148 creatures vanquished

Notes
Turn   | Place    | Note
-------+----------+-------------------------------------------
     0 | D:1      | Zeld the Merfolk Ice Elementalist began the quest for the
                  | Orb.
     0 | D:1      | Reached XP level 1. HP: 13/13 MP: 3/3
   652 | D:1      | Reached XP level 2. HP: 17/19 MP: 1/5
  2412 | D:2      | Reached XP level 3. HP: 24/24 MP: 0/6
  2423 | D:2      | Learned a level 3 spell: Frozen Ramparts
  2427 | D:2      | Learned a level 3 spell: Ozocubu's Armour
  3418 | D:2      | Found a faded altar of an unknown god.
  3469 | D:2      | Reached skill level 5 in Ice Magic
  3748 | D:3      | Reached XP level 4. HP: 25/30 MP: 3/8
  3926 | D:3      | Noticed a black bear
  4195 | D:3      | Killed a black bear
  4196 | D:3      | Reached XP level 5. HP: 7/35 MP: 8/10
  4371 | D:3      | Learned a level 4 spell: Hailstorm
  4457 | D:3      | Found Zetim's Distillery.
  4486 | D:3      | Bought a potion of ambrosia for 104 gold pieces
  4631 | D:3      | Noticed Sigmund
  4652 | D:4      | Found a staircase to the Ecumenical Temple.
  4675 | Temple   | Entered the Ecumenical Temple
  5031 | Temple   | Became a worshipper of Vehumet
  5490 | D:4      | Reached XP level 6. HP: 24/41 MP: 11/11
  5733 | D:3      | Killed Sigmund
  5734 | D:3      | Reached skill level 6 in Ice Magic
  6277 | D:4      | Found a hazy altar of Hepliaklqana.
  6304 | D:4      | Reached XP level 7. HP: 40/46 MP: 6/13
  6443 | D:4      | Reached skill level 5 in Dodging
  7066 | D:5      | Entered Level 5 of the Dungeon
  7147 | D:4      | Noticed Pikel
  7164 | D:4      | Killed Pikel
  7165 | D:4      | Reached skill level 5 in Spellcasting
  7165 | D:4      | Reached skill level 7 in Ice Magic
  7165 | D:4      | Reached XP level 8. HP: 41/52 MP: 4/16
  7433 | D:4      | Found a hazy altar of Hepliaklqana.
  7549 | D:5      | Noticed Edmund
  7556 | D:5      | Killed Edmund
  7618 | D:5      | Reached skill level 8 in Ice Magic
  8163 | D:5      | Learned a level 4 spell: Summon Ice Beast
  8187 | D:5      | Noticed a nameless horror
  8579 | D:5      | Killed a nameless horror
  8670 | D:5      | Noticed a wraith
  9514 | D:5      | Noticed Ijyb
 10347 | D:6      | Noticed a nameless horror
 10361 | D:5      | Killed a nameless horror
 11541 | D:6      | Reached XP level 9. HP: 57/57 MP: 19/19
 11627 | D:6      | Reached skill level 9 in Ice Magic
 12456 | D:6      | Reached * piety under Vehumet
 12456 | D:6      | Offered knowledge of Shock by Vehumet.
 13718 | D:7      | Noticed a two-headed ogre
 13742 | D:7      | Killed a two-headed ogre
 13743 | D:7      | Reached skill level 10 in Ice Magic
 14244 | D:7      | Reached XP level 10. HP: 57/63 MP: 18/22
 15146 | D:7      | Reached skill level 11 in Ice Magic
 15504 | D:5      | Killed Ijyb
 15984 | D:7      | Noticed Maggie
 16072 | D:7      | Blown up by a wight

Illustrated notes

Levels and vault maps discovered:
D:1:      amcnicky_arrival_wind_blow, layout_basic, serial_co_window_serial,
          co_window_paths_a, co_window_of_opportunity_a, co_window_paths_a,
          co_window_paths_b, co_window_of_opportunity_a, co_window_corner_ca,
          co_window_of_opportunity_c, co_window_2corner,
          co_window_of_opportunity_c, co_window_of_opportunity_b,
          co_window_cross_3, co_window_paths_d, co_window_4corner_b,
          glass_columns_a, glass_columns_c, glass_columns_c
D:2:      layout_basic, dreamdust_ecumenical_altar_angels_and_demons,
          serial_bayou_pond_c
D:3:      layout_rooms, serial_shops, nicolae_shop_stone, serial_bayou_lake_a,
          uniq_sigmund
D:4:      layout_cave_pools, worldfamousw_hep_ancestral_shrine,
          minmay_temple_entry_tees, minivault_1,
          minmay_fractal_squares_gapless_5, uniq_pikel
D:5:      layout_rooms, minmay_circle_x, uniq_ijyb, uniq_edmund
D:6:      layout_loops_corners
D:7:      layout_basic, uniq_maggie
Temple:   mainiacjoe_temple_bowtie_tessellation

Skill      XL: |  1  2  3  4  5  6  7  8  9 10 |
---------------+-------------------------------+-----
Dodging        | 3 4 5 7 8 |  8.0
Ice Magic      | 5 6 7 8 10 11 | 11.1
Spellcasting   | 3 4 5 6 8 |  8.7
Stealth        | |  2.1

Action                   |  1- 3 |  4- 6 |  7- 9 | 10-12 || total
-------------------------+-------+-------+-------+-------++-------
Melee: Unarmed           |    25 |     8 |       |       ||    33
       Trident           |       |    67 |   167 |    29 ||   263
       Tailslap          |       |     4 |       |       ||     4
       Punch             |       |       |     5 |       ||     5
       War axe           |       |       |       |    15 ||    15
 Cast: Freeze            |    79 |    46 |    60 |     8 ||   193
       Frozen Ramparts   |       |     5 |    18 |     1 ||    24
       Ozocubu's Armour  |       |     2 |     8 |       ||    10
       Summon Ice Beast  |       |       |    29 |    13 ||    42
Evoke: Wand              |       |       |    11 |     2 ||    13
  Use: Scroll            |       |       |     7 |       ||     7
 Stab: Sleeping          |     2 |     1 |     3 |       ||     6
       Distracted        |       |     1 |     2 |       ||     3
Armor: Robe              |    15 |    15 |    41 |     8 ||    79
Dodge: Dodged            |    46 |    75 |   229 |    55 ||   405
